 Dungeon Crawl Stone Soup version 0.26.0-10-g1f06aea511 (webtiles) character file.

Game seed: 17766940963621711902

162 runemasterragnar the Vandal (level 5, 0/34 HPs)
             Began as a Halfling Hunter on Jan 14, 2021.
             Was an Initiate of Okawaru.
             Killed by nerve-wracking pain
             ... invoked by an orc priest
              (10 damage)
             ... on level 3 of the Dungeon.
             The game lasted 00:03:16 (2755 turns).

runemasterragnar the Vandal (Halfling Hunter)       Turns: 2755, Time: 00:03:17

Health: 0/34       AC:  3    Str: 13    XL:     5   Next: 71%
Magic:  5/5        EV: 15    Int:  9    God:    Okawaru [......]
Gold:   82         SH:  0    Dex: 16    Spells: 4/4 levels left

rFire    . . .     SeeInvis .   b - +0 short sword
rCold    . . .     Faith    .   (shield restricted)
rNeg     . . .     Spirit   .   c - +0 leather armour
rPois    .         Reflect  .   (no helmet)
rElec    .         Harm     .   (no cloak)
rCorr    .         Rampage  .   (no gloves)
Will     .....                  (no boots)
Stlth    ++........             (no amulet)
HPRegen  0.11/turn              (no ring)
MPRegen  0.09/turn              (no ring)

@: no status effects
A: small, mutation resistance 1
a: Renounce Religion


You were on level 3 of the Dungeon.
You worshipped Okawaru.
Okawaru was noncommittal.
You visited 1 branch of the dungeon, and saw 3 of its levels.

You collected 82 gold pieces.

Inventory:

Hand Weapons
 a - a +1 hunting sling
 b - a +0 short sword (weapon)
Missiles
 d - 10 sling bullets
 e - 33 poisoned darts (quivered)
 k - 58 stones
Armour
 c - a +0 leather armour (worn)
 p - a +0 scale mail
Magical Staves
 o - an uncursed staff of cold
Scrolls
 f - a scroll of amnesia {unknown}
 g - 3 scrolls of identify {unknown}
 h - 2 scrolls of teleportation {unknown}
 i - a scroll of fog {unknown}
 j - a scroll of enchant weapon {unknown}
 l - a scroll of fear {unknown}
 m - a scroll of enchant armour {unknown}
 n - a scroll of random uselessness {unknown}
Potions
 q - a potion of attraction {unknown}


   Skills:
 + Level 2.2 Fighting
 * Level 2.6 Short Blades
 * Level 7.0 Slings
 + Level 1.4 Armour
 + Level 2.8 Dodging
 + Level 2.1 Stealth
 + Level 1.2 Invocations


You had 4 spell levels left.
You didn't know any spells.
Your spell library was empty.

Dungeon Overview and Level Annotations

Branches:
Dungeon (3/15)

Altars:
Hepliaklqana
Okawaru


Innate Abilities, Weirdness & Mutations

You are small and have problems with some larger weapons.
You are somewhat resistant to further mutation.


Message History

Press: ? - help, Q - select action, (/) - cycle Shift-Dir - straight line, f/p - orc priest
Aim: an orc priest (very poisoned)
You throw a poisoned dart.
The poisoned dart closely misses the orc.
The poisoned dart hits the orc priest.
The orc priest looks even sicker.
The orc priest calls down the wrath of Beogh upon you.
Beogh smites you!
* * * LOW HITPOINT WARNING * * *
Throw: 34 darts (poison)
Press: ? - help, Q - select action, (/) - cycle Shift-Dir - straight line, f/p - orc priest
Aim: an orc priest (very poisoned)
You throw a poisoned dart. The poisoned dart hits the orc.
The orc looks as sick as possible!
The orc is moderately wounded.
You kill the orc!
Okawaru accepts your kill.
The goblin shoots a stone.
The stone hits you but does no damage.
The orc priest invokes the aid of Beogh against you.
Pain shoots through your body!
You die...

##. .g. # #.. .# ##K#####.#
..##.... #. #.##..# # ##
#...##.####g##..#.## .#
#...##.#.@)o.(..(..# .#
#...##.#.##(##.(##.# .#
#...##.#.##.#.........
.#######...##......#.#.##.#..
.##.............####< .# #
................# ## ##
.##...<.........#
.#######...###### .# #...#


You could see an orc priest (very poisoned) and a goblin.

Vanquished Creatures
  Terence (D:3)
  An orc wizard (D:3)
  3 adders
  A shadow imp (D:2)
  2 oozes (D:3)
  A worm (D:3)
  A dart slug (D:2)
  2 leopard geckos (D:3)
  10 orcs (D:3)
  3 giant cockroaches
  4 goblins
  7 hobgoblins
  4 kobolds
  8 bats
  A frilled lizard (D:1)
  7 rats
56 creatures vanquished.

Notes
Turn   | Place    | Note
-------+----------+-------------------------------------------
     0 | D:1      | runemasterragnar the Halfling Hunter began the quest for
                  | the Orb.
     0 | D:1      | Reached XP level 1. HP: 14/14 MP: 1/1
   311 | D:1      | Reached skill level 6 in Slings
   311 | D:1      | Reached XP level 2. HP: 18/19 MP: 2/2
   681 | D:1      | Reached skill level 1 in Short Blades
   866 | D:2      | Reached XP level 3. HP: 20/24 MP: 3/3
  1003 | D:2      | Found an iron altar of Okawaru.
  1036 | D:2      | Became a worshipper of Warmaster Okawaru
  1227 | D:2      | Found a hazy altar of Hepliaklqana.
  1583 | D:2      | Reached XP level 4. HP: 29/29 MP: 4/4
  1705 | D:2      | Reached skill level 1 in Armour
  1891 | D:3      | Reached XP level 5. HP: 25/34 MP: 5/5
  1901 | D:3      | Reached skill level 1 in Invocations
  2275 | D:3      | Noticed Terence
  2292 | D:3      | Killed Terence
  2422 | D:3      | Reached skill level 7 in Slings
  2755 | D:3      | Killed from afar by an orc priest

Illustrated notes

Levels and vault maps discovered:
D:1:      lightli_arrival_windingriver, layout_basic
D:2:      layout_basic, nzn_hepliaklqana_mist_gate, okawaru_trees_2
D:3:      layout_loops_cross, uniq_terence

Skill      XL: |  1  2  3  4  5 |
---------------+----------------+-----
Slings         | 6 7 |  7.0
Short Blades   | 1 2 |  2.6
Fighting       | 2 |  2.2
Armour         | 1 |  1.4
Invocations    | 1 |  1.2
Stealth        | 2 |  2.1
Dodging        | |  2.8

Action                   |  1- 3 |  4- 6 || total
-------------------------+-------+-------++-------
Melee: Short sword       |       |    86 ||    86
 Fire: Hunting sling     |    76 |    10 ||    86
Throw: Dart              |       |    59 ||    59
 Stab: Sleeping          |       |     1 ||     1
Armor: Leather armour    |     5 |    22 ||    27
Dodge: Dodged            |    13 |    86 ||    99
